 Dungeon Crawl Stone Soup version 0.21.0-3-g78d12a8 (webtiles) character file.

300 mortelune the Cudgeler (level 6, -4/48 HPs)
             Began as a Demonspawn Abyssal Knight on Jan 18, 2018.
             Was a Believer of Lugonu.
             Killed from afar by an orc wizard (6 damage)
             ... with a magic dart
             ... on level 4 of the Dungeon.
             The game lasted 00:07:51 (3189 turns).

mortelune the Cudgeler (Demonspawn Abyssal Knight)  Turns: 3189, Time: 00:07:52

Health: -4/48      AC:  6    Str: 14    XL:     6   Next: 13%
Magic:  8/8        EV: 11    Int: 14    God:    Lugonu [**....]
Gold:   187        SH:  4    Dex: 12    Spells: 5/5 levels left

rFire    . . .     SeeInvis .   a - +1 mace
rCold    + . .     Gourm    .   (no shield)
rNeg     . . .     Faith    .   s - +3 leather armour {rC+}
rPois    .         Spirit   .   (helmet restricted)
rElec    .         Reflect  .   (no cloak)
rCorr    .         Harm     .   (no gloves)
MR       .....                  (no boots)
Stlth    +.........             (no amulet)
HPRegen  0.16/turn              (no ring)
MPRegen  0.11/turn              (no ring)

@: no status effects
A: horns 2, large bone plates 1, demonic guardian 1, spiny 1
a: Depart the Abyss, Bend Space, Renounce Religion


You were on level 4 of the Dungeon.
You worshipped Lugonu.
Lugonu was pleased with you.
You were very hungry.

You visited 1 branch of the dungeon, and saw 4 of its levels.
You visited the Abyss 1 time.

You collected 187 gold pieces.

Inventory:

Hand Weapons
 a - a +1 mace (weapon)
 i - a +0 hunting sling
Missiles
 g - 35 stones (quivered)
 m - 63 sling bullets
Armour
 b - a +0 leather armour
 k - a +0 ring mail
 s - a +3 leather armour of cold resistance (worn)
 t - a +0 plate armour
Wands
 n - a wand of random effects (30)
 v - a wand of flame (8)
 x - a wand of clouds (5)
Scrolls
 d - 3 scrolls of remove curse {unknown}
 j - a scroll of teleportation {unknown}
 l - 2 scrolls of blinking {unknown}
 o - a scroll of enchant armour {unknown}
 p - a scroll of fog {unknown}
 q - a scroll of magic mapping {unknown}
 r - a scroll of amnesia {unknown}
 u - a scroll of identify {unknown}
 w - a scroll of noise {unknown}
Potions
 e - a potion of might {unknown}
 f - a potion of lignification {unknown}
 h - a potion of curing
Comestibles
 c - 9 rations


   Skills:
 + Level 4.1 Fighting
 * Level 4.2 Maces & Flails
 + Level 3.1 Armour
 - Level 0.8 Dodging
 + Level 3.5 Invocations


You had 5 spell levels left.
You didn't know any spells.

Dungeon Overview and Level Annotations

Branches:
Dungeon (4/15)
 Temple: D:4-7

Altars:
Dithmenos
Fedhas
Makhleb
Qazlal
Sif Muna

Annotations:
D:3 Sigmund


Innate Abilities, Weirdness & Mutations

You have a pair of horns on your head.
You are partially covered in large bone plates. (SH +4)
A weak demonic guardian rushes to your aid.
You are partially covered in sharp spines.


Message History

You swap places.
Your quasit bites the orc warrior but does no damage.
Your quasit claws the orc warrior but does no damage. x2
Your iron imp hits the orc priest!
Your quasit bites the orc warrior but does no damage.
Your quasit closely misses the orc warrior.
Your quasit barely misses the orc warrior.
The orc warrior misses your quasit.
The orc wizard casts a spell.
The orc wizard blinks!
Your quasit barely misses the orc warrior.
Your quasit claws the orc warrior but does no damage. x2
The orc warrior hits your quasit with a dire flail of protection.
Your iron imp hits the orc priest but does no damage.
Your quasit bites the orc warrior but does no damage.
Your quasit closely misses the orc warrior.
Your quasit claws the orc warrior but does no damage.
The orc wizard points at you and mumbles some strange words.
The magic dart hits you!
You die...

# ######## .########.#
#....... .......5#.#
#.##.##. #.....§o..#
#.##.##. #o# #.##.... #5#
#.##.##. #o# #[##.... ##.##
#....... #.@.# ####.##.
#...# #.###
#...###########.###
#...##.......##....
##########...##.#####....###
#2#_..............###.######
#######............##.# #..
#..............##.# #.#
######...##.##..... ...#


You could see an orc warrior, an orc priest, an orc wizard, a friendly iron imp
and a friendly quasit.

Vanquished Creatures
  A howler monkey (D:4)
  3 adders
  2 oozes
  A worm (D:2)
  A leopard gecko (D:3)
  2 orcs
  6 giant cockroaches
  5 goblins
  4 hobgoblins
  3 quokkas (D:2)
  A ball python (D:2)
  4 bats
  7 frilled lizards
  3 kobolds
  7 rats
50 creatures vanquished.

Vanquished Creatures (collateral kills)
  A hippogriff (D:4)
  An orc priest (D:4)
  Ijyb (D:3)
  A worker ant (D:4)
  A leopard gecko skeleton (D:4)
5 creatures vanquished.

Grand Total: 55 creatures vanquished

Notes
Turn   | Place    | Note
-------+----------+-------------------------------------------
     0 | Abyss:1  | mortelune the Demonspawn Abyssal Knight began the quest for the Orb.
     0 | Abyss:1  | Reached XP level 1. HP: 18/18 MP: 2/2
    65 | D:1      | Escaped the Abyss
   563 | D:1      | Gained mutation: You are partially covered in sharp spines. [demonic ancestry]
   563 | D:1      | Reached XP level 2. HP: 21/24 MP: 3/3
  1305 | D:2      | Found a shadowy altar of Dithmenos.
  1310 | D:2      | Reached ** piety under Lugonu
  1345 | D:2      | Gained mutation: A weak demonic guardian rushes to your aid. [demonic ancestry]
  1345 | D:2      | Reached XP level 3. HP: 28/29 MP: 4/4
  1621 | D:2      | Found a blossoming altar of Fedhas.
  1623 | D:2      | Found a stormy altar of Qazlal.
  1667 | D:2      | Found a deep blue altar of Sif Muna.
  1917 | D:3      | Noticed Ijyb
  1931 | D:3      | Killed Ijyb
  1931 | D:3      | Gained mutation: You have a pair of small horns on your head. [demonic ancestry]
  1931 | D:3      | Reached XP level 4. HP: 24/35 MP: 5/5
  2108 | D:3      | Noticed Sigmund
  2487 | D:4      | Gained mutation: You have a pair of horns on your head. [demonic ancestry]
  2487 | D:4      | Reached XP level 5. HP: 34/42 MP: 7/7
  2554 | D:4      | Noticed a hippogriff
  2583 | D:4      | HP: 1/42 [hippogriff (1)]
  2614 | D:4      | Killed a hippogriff
  2614 | D:4      | Gained mutation: You are partially covered in large bone plates. (SH +4) [demonic ancestry]
  2614 | D:4      | Reached XP level 6. HP: 7/48 MP: 8/8
  3043 | D:4      | Found a burning altar of Makhleb.
  3045 | D:4      | Noticed a cacodemon
  3175 | D:4      | Noticed an orc warrior
  3186 | D:4      | HP: 1/48 [orc warrior/dire flail of protection (16)]
  3189 | D:4      | Killed from afar by an orc wizard

Skill      XL: |  1  2  3  4  5 |
---------------+----------------+-----
Maces & Flails | 2 3 4 |  4.2
Armour         | 2 3 |  3.1
Fighting       | 4 |  4.1
Invocations    | 3 |  3.5
Dodging        | |  0.8

Action                   |  1- 3 |  4- 6 || total
-------------------------+-------+-------++-------
Melee: Mace              |    84 |    34 ||   118
       Headbutt          |       |     4 ||     4
Throw: Stone             |       |     2 ||     2
Invok: Bend Space        |       |     1 ||     1
  Use: Potion            |       |     1 ||     1
  Eat: Chunk             |     3 |     3 ||     6
Armor: Leather armour    |     7 |    11 ||    18
       Ring mail         |    20 |       ||    20
Dodge: Dodged            |    46 |    21 ||    67
Block: Other             |       |     1 ||     1
